 Dungeon Crawl Stone Soup version 0.32-a0-918-g0f22ef8d61 (webtiles) character file.

Game seed: 15171398006091590345

560 Krumphau the Slasher (level 7, -1/52 HPs)
             Began as a Demonspawn Monk on Apr 11, 2024.
             Slain by Eustachio
             ... wielding a +2 rapier of venom
              (3 damage)
             ... on level 4 of the Dungeon.
             The game lasted 00:06:54 (3392 turns).

Krumphau the Slasher (Demonspawn Monk)              Turns: 3392, Time: 00:06:56

Health: -1/52      AC:  7    Str: 11    XL:     7   Next: 9%
Magic:  7/7        EV: 12    Int: 10    God:
Gold:   160        SH:  0    Dex: 18    Spells: 6/6 levels left

rFire   + . .        a - +0 falchion
rCold   + . .        (no shield)
rNeg    . . .        s - +5 robe of Night {Dark Will+ SInv}
rPois   +            (helmet restricted)
rElec   +            t - scarf {repulsion}
rCorr   +            (no gloves)
SInv    +            (no boots)
Will    +....        n - amulet of magic regeneration
Stlth   ++           q - ring of resist corrosion
HPRegen 0.28/turn    b - ring of flight
MPRegen 0.50/turn

%: repel missiles
@: mighty, lethally poisoned (-1 -> -30), resistant, flying
A: horns 2, weakness stinger 1, demonic touch 2
a: no special abilities


You were on level 4 of the Dungeon.
You visited 1 branch of the dungeon, and saw 4 of its levels.
You also visited: Sewer.

You collected 160 gold pieces.

Inventory:

Hand Weapons
 a - a +0 falchion (weapon)
Missiles
 x - a throwing net (quivered)
Armour
 d - an orb of light
 o - the +2 scale mail of the Wilderness {-Tele rC+++ Int+4 Slay+6}
   (You found it on level 2 of the Dungeon)

   Int+4:     It affects your intelligence (+4).
   Slay+6:    It affects your accuracy & damage with ranged weapons and melee
   (+6).
   rC+++:     It renders you almost immune to cold.
   -Tele:     It prevents most forms of teleportation.
 s - the +5 robe of Night (worn) {Dark Will+ SInv}
   (You found it on level 3 of the Dungeon)

   Dark:      It shrouds the wearer in darkness, reducing the range at which
   they can see and be seen by others.
   Will+:     It increases your willpower.
   SInv:      It lets you see invisible.
 t - a scarf of repulsion (worn)
Jewellery
 b - a ring of flight (right hand)
 j - a ring of ice
 n - an amulet of magic regeneration (around neck)
 q - a ring of resist corrosion (left hand)
 z - a ring of protection from fire
Wands
 w - a wand of polymorph (7)
Scrolls
 e - 3 scrolls of identify {unknown}
 f - a scroll of blinking {unknown}
 g - a scroll of enchant weapon {unknown}
 k - a scroll of revelation {unknown}
 l - a scroll of silence {unknown}
 m - 2 scrolls of teleportation {unknown}
 r - a scroll of brand weapon {unknown}
 u - 3 scrolls of noise {unknown}
 y - a scroll of enchant armour {unknown}
Potions
 h - a potion of heal wounds
 v - a potion of magic {unknown}


   Skills:
 - Level 3.0 Fighting
 + Level 7.5 Long Blades
 - Level 2.6 Dodging


You had 6 spell levels left.
You didn't know any spells.
Your spell library contained the following spells:

 Spells                   Type           Power      Damage    Failure   Level
 Apportation              Tloc           0%         N/A       36%         1
 Ensorcelled Hibernation  Hex/Ice        0%         N/A       50%         2
 Jinxbite                 Hex            0%         N/A       50%         2
 Mercury Vapours          Alch/Air       0%         N/A       50%         2
 Mephitic Cloud           Conj/Alch/Air  0%         N/A       75%         3
 Passwall                 Erth           0%         N/A       75%         3
 Swiftness                Air            0%         N/A       75%         3
 Teleport Other           Tloc           0%         N/A       75%         3
 Alistair's Intoxication  Alch           0%         N/A       100%        5
 Freezing Cloud           Conj/Ice/Air   0%         6-21      100%        5
 Dispersal                Tloc           0%         N/A       100%        6
 Gell's Gavotte           Tloc           0%         2d(11-16) 100%        6


Dungeon Overview and Level Annotations

Branches:
Dungeon (4/15)              Sewer (visited)
 Temple: D:4-7

Altars:

Annotations:
D:4 Eustachio


Innate Abilities, Weirdness & Mutations

You have a pair of horns on your head.
You have a small tail.
Your touch may inflict irresistible damage on your foes.


Message History

The ufetubus hits you but does no damage.
Unknown command.
It was a potion of heal wounds.
You feel much better.
You feel very sick. The ufetubus misses you. The ufetubus barely misses you.
The quasit bites you but does no damage.
The quasit claws you but does no damage.
The quasit misses you. The river rat misses you.
The ufetubus hits you but does no damage. x2
The ufetubus closely misses you.
The ufetubus hits you but does no damage.
Eustachio hits you with a +2 rapier of venom.
You are lethally poisoned!
It was a potion of might.
You feel very mighty all of a sudden.
* * * LOW HITPOINT WARNING * * *
You feel extremely sick. The quasit completely misses you.
The quasit closely misses you. x2
The ufetubus misses you. The ufetubus barely misses you. The ufetubus hits you.
* * * LOW HITPOINT WARNING * * *
The ufetubus barely misses you. The river rat closely misses you.
Eustachio hits you with a +2 rapier of venom.
* * * LOW HITPOINT WARNING * * *
You are more poisoned.
The quasit misses you.
The quasit claws you but does no damage. x2
The ufetubus barely misses you. x2
It was a potion of resistance.
You feel protected.
* * * LOW HITPOINT WARNING * * *
You feel extremely sick.
The ufetubus hits you but does no damage. x2
The river rat closely misses you. The quasit closely misses you.
The quasit claws you but does no damage.
The quasit barely misses you.
The ufetubus hits you but does no damage. x3
The ufetubus closely misses you.
Eustachio hits you with a +2 rapier of venom.
You die...
Eustachio twirls his moustache.

........#..##..#
.....###........#
.................#
#.........####....##
...........#.#..###
.............###
.####........##.#
...<5.)))..### #
....5@5.).##
.##.@.r)...#
#..<....## ##...#.##
##.#### ###


You could see Eustachio, a quasit (summoned), a river rat (summoned) and 2
ufetubi.

Vanquished Creatures
  Edmund (D:4)
  A bullfrog (Sewer)
  Ijyb (D:2)
  Robin (D:4)
  9 gnolls
  10 adders
  4 ribbon worms
  10 dart slugs
  7 orcs (D:3)
  10 ball pythons
  6 bats
  13 endoplasms
  12 giant cockroaches
  15 goblins
  4 hobgoblins
  10 jackals
  6 kobolds
  4 quokkas
  14 frilled lizards
  5 rats
143 creatures vanquished.

Vanquished Creatures (others)
  A goblin (D:4)
1 creature vanquished.

Grand Total: 144 creatures vanquished

Notes
Turn   | Place    | Note
-------+----------+-------------------------------------------
     0 | D:1      | Krumphau the Demonspawn Monk began the quest for the Orb.
     0 | D:1      | Reached XP level 1. HP: 18/18 MP: 1/1
    86 | D:1      | Reached skill level 3 in Long Blades
   156 | D:1      | Discovered your monstrous ancestry.
   156 | D:1      | Gained mutation: Your touch may inflict minor irresistible
                  | damage on your foes. [demonic ancestry]
   156 | D:1      | Reached XP level 2. HP: 24/24 MP: 2/2
  1015 | D:2      | Reached XP level 3. HP: 27/29 MP: 3/3
  1148 | D:2      | Identified the +2 scale mail of the Wilderness {-Tele rC+++
                  | Int+4 Slay+6}
  1155 | D:2      | Reached skill level 4 in Long Blades
  1337 | D:2      | Gained mutation: Your touch may inflict irresistible damage
                  | on your foes. [demonic ancestry]
  1337 | D:2      | Reached XP level 4. HP: 34/35 MP: 4/4
  1701 | D:3      | Reached skill level 5 in Long Blades
  1792 | D:3      | Found a glowing drain.
  1809 | Sewer    | Entered a sewer
  1882 | Sewer    | Gained mutation: You have a pair of small horns on your
                  | head. [demonic ancestry]
  1882 | Sewer    | Reached XP level 5. HP: 38/41 MP: 5/5
  2115 | Sewer    | Reached skill level 6 in Long Blades
  2115 | Sewer    | Gained mutation: You have a pair of horns on your head.
                  | [demonic ancestry]
  2115 | Sewer    | Reached XP level 6. HP: 24/47 MP: 6/6
  2269 | D:3      | Found the +5 robe of Night {Dark Will+ SInv}
  2321 | D:3      | Identified the +2 robe of the Cicada {SInv}
  2408 | D:3      | Noticed Ijyb
  2430 | D:2      | Killed Ijyb
  3112 | D:4      | Noticed Edmund
  3123 | D:4      | Killed Edmund
  3124 | D:4      | Reached skill level 7 in Long Blades
  3124 | D:4      | Gained mutation: You have a small tail. [demonic ancestry]
  3124 | D:4      | Reached XP level 7. HP: 27/52 MP: 7/7
  3332 | D:4      | Noticed Robin
  3342 | D:4      | Killed Robin
  3377 | D:4      | Noticed Eustachio
  3392 | D:4      | HP: 2/52 [poisoned by Eustachio]
  3392 | D:4      | Slain by Eustachio

Illustrated notes

Levels and vault maps discovered:
D:1:      dpeg_arrival_stonehenge_8_columns, layout_basic,
          corexii_item_surrounded_by_moat, hangedman_decor_points
D:2:      layout_basic, basic_altar
D:3:      layout_rooms, gup_sewer_entry_bubbles, uniq_ijyb
D:4:      layout_cave_pools, minitemple, hellmonk_ghost_happy_afterlife,
          uniq_edmund, uniq_eustachio, uniq_robin

Skill      XL: |  1  2  3  4  5  6 |
---------------+-------------------+-----
Long Blades    | 3 4 5 6 7 |  7.5
Fighting       | |  3.0
Dodging        | |  2.6

Action                     |  1- 3 |  4- 6 |  7- 9 || total
---------------------------+-------+-------+-------++-------
  Melee: Falchion          |    90 |   211 |    27 ||   328
         Headbutt          |       |    20 |     3 ||    23
         Touch             |       |    17 |     3 ||    20
         Tailslap          |       |       |     1 ||     1
    Use: Potion            |       |       |     4 ||     4
 Armour: Robe              |    42 |    40 |    56 ||   138
         Scale mail        |    10 |   138 |       ||   148
         Skin              |       |     1 |       ||     1
  Dodge: Dodged            |    69 |   126 |    93 ||   288
         Repelled          |       |       |     7 ||     7

Table legend: (Time is in decaauts)
 A = Elapsed time spent in this place.
 B = Non-inter-level travel time spent in this place.
 C = Inter-level travel time spent in this place.
 D = Time resting spent in this place.
 E = Time spent auto-exploring this place.
 F = Levels seen in this place.
 G = Mean time per level.
                   A        B        C        D        E       F      G
               +--------+--------+--------+--------+--------+-----+--------+
         Total |   3494 |   3408 |     86 |    104 |   2360 |   5 |  698.8 |
       Dungeon |   3022 |   2936 |     86 |    104 |   2169 |   4 |  755.5 |
         Sewer |    471 |    471 |      0 |      0 |    191 |   1 |  471.0 |
               +--------+--------+--------+--------+--------+-----+--------+

Top non-repeatable levels by time:
     D:1: 1015 daAuts
     D:2: 902 daAuts
     D:3: 727 daAuts
   Sewer: 471 daAuts
     D:4: 377 daAuts
